Map: Ruins of Seras

Players

FireCake

  • Race: Zerg Zerg
  • League: Master

Lilbow - Winner!

  • Race: Protoss Protoss
  • League: Grandmaster

Event: DreamHack ZOWIE Open Leipzig

VOD

Have the link to the VOD?

Description

Time

  • Played on: Jan. 22, 2016, 8:27 a.m.
  • Length: 12:15

All games in this series

Show
View Real Time Build Order
Export as new Build Order

FireCake Zerg 

Build Orders: 3 Hatch before Pool 

Get SALT Encoding   

  12  0:01  Drone  
  13  0:09  Drone  
  14  0:17  Overlord  
  14  0:22  Extractor  
  14  0:23  Drone  
  15  0:35  Drone x2  
  17  0:44  Drone  
  18  0:56  Hatchery  
  17  1:16  Hatchery  
  16  1:18  Drone  
  16  1:21  Extractor  
  16  1:23  Drone  
  17  1:27  Drone  
  17  1:31  Drone  
  19  1:45  Spawning Pool  
  18  1:48  Drone  
  19  1:58  Drone  
  20  2:03  Drone  
  20  2:08  Drone  
  22  2:16  Drone  
  22  2:19  Drone  
  24  2:32  Queen x2  
  24  2:33  Metabolic Boost  
  24  2:34  Zergling x2  
  29  2:37  Drone  
  29  2:40  Overlord  
  29  2:42  Drone  
  31  2:45  Drone  
  31  2:47  Drone  
  33  2:51  Overlord  
  33  2:59  Queen  
  33  3:00  Drone  
  33  3:02  Drone  
  33  3:04  Drone  
  38  3:06  Drone  
  39  3:17  Drone x5  
  44  3:21  Overlord  
  44  3:29  Overlord  
  44  3:37  Zergling x6  
  47  3:44  Zergling x8  
  49  3:50  Drone x6  
  55  4:00  Lair  
  55  4:05  Overlord x2  
  55  4:09  Drone  
  57  4:10  Drone x2  
  56  4:20  Drone x7  
  56  4:22  Drone  
  64  4:30  Overlord  
  63  4:32  Drone  
  63  4:35  Drone x3  
  63  4:38  Extractor  
  66  4:39  Extractor x2  
  66  4:43  Roach Warren  
  63  4:46  Extractor x2  
  63  4:48  Queen  
  63  4:49  Queen  
  63  4:51  Drone x5  
  70  5:01  Drone x8  
  78  5:08  Drone  
  79  5:14  Overlord  
  79  5:16  Drone  
  79  5:19  Queen  
  82  5:22  Zergling x16  
  90  5:34  Overlord x2  
  83  5:44  Nydus Network, Roach x3  
  83  5:46  Overseer  
  81  6:09  Roach x8  
  81  6:10  Overlord x3  
  97  6:19  Spore Crawler  
  97  6:22  Nydus Canal  
  97  6:23  Spore Crawler  
  95  6:26  Spore Crawler  
  95  6:28  Roach x7  
  104  6:48  Roach x5  
  104  6:49  Roach x3  
  104  6:52  Roach  
  120  6:57  Roach  
  120  6:58  Roach  
  111  7:06  Roach x5  
  109  7:16  Roach x3  
  107  7:23  Roach x3  
  107  7:24  Queen x2  
  107  7:25  Queen  
  97  7:34  Drone  
  97  7:35  Drone x2  
  88  7:37  Spore Crawler  
  88  7:38  Spore Crawler  
  88  7:41  Drone  
  85  7:50  Drone x2  
  87  7:53  Hydralisk Den  
  87  7:56  Drone x3  
  89  8:07  Drone x3  
  85  8:17  Drone  
  85  8:18  Drone x2  
  85  8:20  Spore Crawler x2  
  85  8:25  Infestation Pit  
  82  8:29  Overlord  
  82  8:39  Overlord x2  
  82  8:42  Muscular Augments  
  82  8:45  Queen  
  82  8:53  Drone x10  
  82  8:54  Drone  
  88  9:00  Spore Crawler  
  87  9:04  Evolution Chamber  
  87  9:06  Hive  
  86  9:14  Spore Crawler  
  82  9:24  Overlord  
  82  9:25  Overlord x4  
  79  9:34  Drone  
  79  9:35  Drone x2  
  82  9:48  Drone x2  
  82  9:49  Drone x2  
  82  9:50  Hatchery  
  83  9:53  Drone x3  
  83  9:56  Hydralisk  
  88  10:03  Zerg Missile Weapons Level 1  
  88  10:04  Drone  
  88  10:05  Drone  
  88  10:06  Drone  
  91  10:10  Spore Crawler  
  90  10:17  Overlord  
  90  10:18  Overlord  
  90  10:25  Viper x3  
  99  10:29  Hydralisk  
  99  10:31  Hydralisk  
  103  10:36  Lurker Den  
  103  10:42  Drone x3  
  97  10:43  Drone  
  97  10:49  Hydralisk x2  
  101  10:52  Hydralisk  
  103  11:03  Hydralisk x3  
  109  11:13  Hydralisk x4  
  117  11:22  Hydralisk x3  
  114  11:26  Hydralisk  
Show
View Real Time Build Order
Export as new Build Order

Lilbow Protoss - Winner!

Build Orders: Nexus First 

Get SALT Encoding   

  12  0:01  Probe (Chrono Boost)  
  13  0:11  Probe (Chrono Boost)  
  14  0:17  Pylon  
  14  0:22  Probe (Chrono Boost)  
  16  0:35  Probe (Chrono Boost)  
  16  0:46  Probe (Chrono Boost)  
  17  0:59  Nexus  
  17  1:09  Gateway  
  17  1:12  Probe (Chrono Boost)  
  17  1:18  Assimilator  
  18  1:23  Probe (Chrono Boost)  
  19  1:28  Assimilator  
  19  1:34  Probe (Chrono Boost)  
  19  1:39  Gateway  
  20  1:44  Probe (Chrono Boost)  
  21  1:55  Probe (Chrono Boost)  
  21  1:56  Cybernetics Core  
  22  2:05  Probe (Chrono Boost)  
  23  2:12  Probe (Chrono Boost)  
  24  2:16  Probe (Chrono Boost)  
  25  2:23  Probe (Chrono Boost)  
  25  2:26  Probe (Chrono Boost)  
  27  2:32  Adept x2  
  27  2:33  Probe (Chrono Boost)  
  27  2:35  Warp Gate  
  33  2:37  Probe (Chrono Boost)  
  34  2:44  Probe (Chrono Boost)  
  34  2:46  Pylon  
  34  2:47  Probe (Chrono Boost)  
  35  2:54  Probe (Chrono Boost)  
  35  2:57  Pylon  
  35  2:58  Probe (Chrono Boost)  
  37  3:04  Sentry x2  
  37  3:05  Probe (Chrono Boost)  
  42  3:08  Probe (Chrono Boost)  
  43  3:15  Probe (Chrono Boost)  
  43  3:19  Probe (Chrono Boost)  
  45  3:26  Mothership Core (Chrono Boost)  
  47  3:29  Probe (Chrono Boost)  
  48  3:40  Probe (Chrono Boost)  
  49  3:45  Probe (Chrono Boost)  
  50  3:48  Nexus  
  50  3:50  Probe (Chrono Boost)  
  50  3:53  Pylon  
  50  3:55  Probe (Chrono Boost)  
  52  4:01  Probe (Chrono Boost)  
  53  4:03  Assimilator  
  53  4:06  Probe (Chrono Boost)  
  53  4:07  Assimilator  
  54  4:10  Stargate x2  
  54  4:12  Probe (Chrono Boost)  
  54  4:14  Pylon  
  54  4:16  Probe (Chrono Boost)  
  56  4:22  Probe (Chrono Boost)  
  56  4:23  Pylon  
  57  4:27  Probe (Chrono Boost)  
  57  4:33  Probe (Chrono Boost)  
  57  4:37  Probe (Chrono Boost)  
  59  4:43  Probe, Adept  
  59  4:44  Adept  
  64  4:48  Probe, Pylon  
  65  4:53  Phoenix  
  65  4:54  Phoenix  
  65  4:55  Probe  
  65  4:57  Pylon  
  65  4:59  Probe  
  70  5:00  Probe  
  70  5:02  Adept x2  
  70  5:06  Assimilator  
  76  5:07  Probe  
  76  5:08  Assimilator  
  76  5:10  Probe  
  76  5:13  Probe  
  79  5:18  Phoenix (Chrono Boost)  
  79  5:19  Probe, Phoenix (Chrono Boost)  
  84  5:22  Probe  
  84  5:25  Probe  
  86  5:32  Probe  
  86  5:35  Probe  
  88  5:37  Probe  
  88  5:41  Phoenix x2 (Chrono Boost)  
  93  5:44  Probe, Pylon  
  93  5:47  Probe  
  93  5:49  Probe  
  90  5:56  Probe, Robotics Facility  
  85  5:57  Robotics Facility  
  85  6:00  Forge  
  85  6:03  Phoenix x2 (Chrono Boost)  
  89  6:07  Zealot x2  
  93  6:17  Pylon  
  93  6:22  Robotics Facility  
  93  6:31  Stalker, Zealot x4  
  93  6:32  Stalker, Zealot x2  
  97  6:34  Pylon  
  97  6:37  Pylon  
  97  6:43  Immortal (Chrono Boost)  
  97  6:44  Immortal (Chrono Boost)  
  97  6:45  Phoenix x2 (Chrono Boost)  
  84  7:05  Probe  
  84  7:07  Phoenix x2 (Chrono Boost)  
  87  7:10  Mothership Core  
  87  7:14  Sentry x2  
  91  7:26  Probe x2  
  91  7:27  Pylon  
  93  7:31  Probe  
  98  7:38  Probe x2  
  98  7:43  Probe  
  101  7:50  Immortal x2 (Chrono Boost), Probe x2  
  107  7:54  Immortal (Chrono Boost)  
  107  7:55  Probe  
  112  8:02  Probe x2  
  114  8:07  Probe  
  115  8:14  Probe x2  
  115  8:17  Twilight Council  
  118  8:20  Probe  
  118  8:26  Probe  
  118  8:27  Probe  
  118  8:32  Probe  
  119  8:34  Phoenix  
  119  8:39  Probe  
  121  8:46  Immortal x2 (Chrono Boost)  
  121  8:47  Immortal (Chrono Boost)  
  132  8:53  Protoss Ground Weapons Level 1  
  132  9:01  Pylon  
  132  9:02  Pylon  
  132  9:04  Pylon  
  132  9:06  Nexus  
  132  9:10  Pylon  
  132  9:20  Immortal (Chrono Boost)  
  140  9:25  Immortal x2 (Chrono Boost)  
  144  9:31  Charge (Chrono Boost)  
  144  9:42  Zealot, Pylon  
  146  9:52  Immortal (Chrono Boost)  
  146  9:53  Zealot  
  146  9:58  Warp Prism (Chrono Boost)  
  146  9:59  Observer (Chrono Boost)  
  155  10:02  Gateway x2  
  155  10:05  Gateway  
  155  10:09  Templar Archives  
  155  10:12  Photon Cannon  
  155  10:16  Zealot x2  
  159  10:22  Gateway x2  
  159  10:25  Gateway  
  159  10:54  High Templar x2  
  163  10:59  Archon  
  163  11:00  Oracle x2  
  169  11:04  Assimilator  
  169  11:05  Pylon, Assimilator  
  169  11:07  High Templar x2  
  173  11:11  Archon  
  173  11:25  Zealot x2, High Templar x2  
  179  11:26  Zealot x2  
  179  11:30  Archon  
  177  11:56  Zealot x2  
  177  11:57  Zealot x6  

Tags
 
Add a new tag
Caveats
  • Supply blocks, unpowered buildings, or Contaminate may cause inaccurate times.
  • Supply counts are checked every 10 seconds.